TOP OF THE 1ST |
Memphis Redbirds batting - Pitching for Albuquerque Isotopes : RHP Jeff Swomley
|
Pitching: RHP Jeff Swomley
|
|
Batting: RHB Nick Gentzel
|
0-0: Ball 1-0: Foul Ball, location: 2F 1-1: Swinging Strike 1-2: Ball 2-2: Fly out, F9 (Line Drive, 9D, EV 91.9 MPH)
|
Batting: RHB Klaas Meij
|
0-0: Ball 1-0: Called Strike 1-1: Foul Ball, location: 2F 1-2: Fly out, F5 (Popup, 56S, EV 87.5 MPH)
|
Batting: RHB Pavpv Ivanushkin
|
0-0: Ball 1-0: Ball 2-0: Called Strike 2-1: Ball 3-1: Foul Ball, location: 2F 3-2: Foul Ball, location: 2F 3-2: Foul Ball, location: 2F 3-2: Foul Ball, location: 2F 3-2: Base on Balls
|
Batting: RHB Terry Baginski
|
0-0: Ball 1-0: Ball 2-0: Foul Ball, location: 2F 2-1: Ground out 4-3 (Groundball, 4, EV 85.6 MPH)
|
Top of the 1st over - 0 runs, 0 hits, 0 errors, 1 left on base; Memphis 0 - Albuquerque 0 |
BOTTOM OF THE 1ST |
Albuquerque Isotopes batting - Pitching for Memphis Redbirds : LHP John Fisher
|
Pitching: LHP John Fisher
|
|
Batting: RHB Ron Johansen
|
0-0: Called Strike 0-1: Foul Ball, location: 2F 0-2: Ball 1-2: Strikes out looking
|
Batting: RHB Mike Ball
|
0-0: Called Strike 0-1: SINGLE (Line Drive, 7S, EV 100.0 MPH)
|
Batting: RHB Eddie McCoy
|
0-0: Ball 1-0: Foul Ball, location: 2F 1-1: Foul Ball, location: 2F 1-2: Fly out, F8 (Flyball, 8LM, EV 78.8 MPH)
|
Batting: RHB Ryan Taylor
|
0-0: Ball 1-0: Foul Ball, location: 2F 1-1: Ball 2-1: Fly out, F9 (Line Drive, 9LM, EV 100.0 MPH)
|
Bottom of the 1st over - 0 runs, 1 hit, 0 errors, 1 left on base; Memphis 0 - Albuquerque 0 |
TOP OF THE 2ND |
Memphis Redbirds batting - Pitching for Albuquerque Isotopes : RHP Jeff Swomley
|
Batting: SHB Quido van Erp
|
0-0: Called Strike 0-1: Called Strike 0-2: Foul Ball, location: 2F 0-2: Strikes out looking
|
Batting: RHB Travis Leonard
|
0-0: SINGLE (Line Drive, 56D, EV 98.8 MPH)
|
Batting: LHB Shigeru Ono
|
0-0: Ball 1-0: Ball 2-0: Foul Ball, location: 2F 2-1: Ball 3-1: Base on Balls Travis Leonard to second
|
Batting: RHB Dan Boykins
|
0-0: Foul Ball, location: 2F 0-1: Ball 1-1: Foul Ball, location: 2F 1-2: Foul Ball, location: 2F 1-2: Ball 2-2: Ball 3-2: Base on Balls Travis Leonard to third Shigeru Ono to second
|
Batting: RHB Mark Cahill
|
0-0: Ball 1-0: Ball 2-0: Fielders Choice at 2nd, 5-4 (Groundball, 56, EV 98.8 MPH) Travis Leonard scores Shigeru Ono to third
|
Batting: RHB Nick Gentzel
|
0-0: Ball 1-0: Fielders Choice at 2nd, U6 (Groundball, 6M, EV 85.6 MPH)
|
Top of the 2nd over - 1 run, 1 hit, 0 errors, 2 left on base; Memphis 1 - Albuquerque 0 |
BOTTOM OF THE 2ND |
Albuquerque Isotopes batting - Pitching for Memphis Redbirds : LHP John Fisher
|
Batting: RHB Bobby Heagle
|
0-0: Called Strike 0-1: Ground out 5-3 (Groundball, 5L, EV 103.8 MPH)
|
Batting: RHB Josh Baker
|
0-0: Ground out 5-3 (Groundball, 5L, EV 85.6 MPH)
|
Batting: LHB Alan Bianchard
|
0-0: Ball 1-0: Ball 2-0: Ball 3-0: Base on Balls
|
Batting: RHB Nate Carrell
|
0-0: Ball 1-0: Called Strike 1-1: Fly out, F8 (Flyball, 8RXD, EV 107.5 MPH)
|
Bottom of the 2nd over - 0 runs, 0 hits, 0 errors, 1 left on base; Memphis 1 - Albuquerque 0 |
TOP OF THE 3RD |
Memphis Redbirds batting - Pitching for Albuquerque Isotopes : RHP Jeff Swomley
|
Batting: RHB Klaas Meij
|
0-0: Ball 1-0: Ball 2-0: Ground out 5-3 (Groundball, 5S, EV 76.2 MPH)
|
Batting: RHB Pavpv Ivanushkin
|
0-0: Fly out, F9 (Flyball, 9D, EV 101.9 MPH)
|
Batting: RHB Terry Baginski
|
0-0: Swinging Strike 0-1: Ball 1-1: Ball 2-1: Foul Ball, location: 2F 2-2: DOUBLE (Flyball, 89D, EV 90.0 MPH)
|
Batting: SHB Quido van Erp
|
0-0: Called Strike 0-1: Called Strike 0-2: Ball 1-2: Ball 2-2: Ball 3-2: Strikes out swinging
|
Top of the 3rd over - 0 runs, 1 hit, 0 errors, 1 left on base; Memphis 1 - Albuquerque 0 |
BOTTOM OF THE 3RD |
Albuquerque Isotopes batting - Pitching for Memphis Redbirds : LHP John Fisher
|
Batting: LHB Enrique Andrade
|
0-0: Ball 1-0: Ball 2-0: Called Strike 2-1: Foul Ball, location: 2F 2-2: Ground out U3 (Groundball, 3, EV 78.1 MPH)
|
Batting: RHB Ron Johansen
|
0-0: Foul Ball, location: 2F 0-1: Ball 1-1: Ball 2-1: Ball 3-1: Called Strike 3-2: SOLO HOME RUN (Flyball, 78XD, EV 105.0 MPH), Distance : 414 ft
|
Batting: RHB Mike Ball
|
0-0: Ground out 3-1 (Groundball, 34S, EV 87.5 MPH)
|
Batting: RHB Eddie McCoy
|
0-0: Foul Ball, location: 2F 0-1: SINGLE (Groundball, 5D, EV 101.9 MPH)
|
Batting: RHB Ryan Taylor
|
0-0: Called Strike 0-1: Swinging Strike 0-2: Strikes out swinging
|
Bottom of the 3rd over - 1 run, 2 hits, 0 errors, 1 left on base; Memphis 1 - Albuquerque 1 |
TOP OF THE 4TH |
Memphis Redbirds batting - Pitching for Albuquerque Isotopes : RHP Jeff Swomley
|
Batting: RHB Travis Leonard
|
0-0: Ball 1-0: Ground out 3-1 (Groundball, 34S, EV 69.4 MPH)
|
Batting: LHB Shigeru Ono
|
0-0: Ball 1-0: Fly out, F9 (Line Drive, 9D, EV 92.5 MPH)
|
Batting: RHB Dan Boykins
|
0-0: Ball 1-0: Called Strike 1-1: Ball 2-1: Ball 3-1: Foul Ball, location: 2F 3-2: SINGLE (Groundball, 34D, EV 97.5 MPH)
|
Batting: RHB Mark Cahill
|
0-0: DOUBLE (Groundball, 5L, EV 98.8 MPH) Dan Boykins to third
|
Batting: RHB Nick Gentzel
|
0-0: Ball 1-0: 3-RUN HOME RUN (Flyball, 89XD, EV 108.8 MPH), Distance : 419 ft
|
Batting: RHB Klaas Meij
|
0-0: Swinging Strike 0-1: Ball 1-1: Foul Ball, location: 2F 1-2: Ball 2-2: Ball 3-2: Ground out 6-3 (Groundball, 6, EV 104.4 MPH)
|
Top of the 4th over - 3 runs, 3 hits, 0 errors, 0 left on base; Memphis 4 - Albuquerque 1 |
BOTTOM OF THE 4TH |
Albuquerque Isotopes batting - Pitching for Memphis Redbirds : LHP John Fisher
|
Batting: RHB Bobby Heagle
|
0-0: Ball 1-0: Swinging Strike 1-1: Swinging Strike 1-2: Foul Ball, location: 2F 1-2: Ball 2-2: Foul Ball, location: 2F 2-2: Foul Ball, location: 2F 2-2: Strikes out looking
|
Batting: RHB Josh Baker
|
0-0: Called Strike 0-1: Called Strike 0-2: Ball 1-2: Strikes out looking
|
Batting: LHB Alan Bianchard
|
0-0: Called Strike 0-1: Foul Ball, location: 2F 0-2: Ground out 4-3 (Groundball, 4, EV 80.6 MPH)
|
Bottom of the 4th over - 0 runs, 0 hits, 0 errors, 0 left on base; Memphis 4 - Albuquerque 1 |
TOP OF THE 5TH |
Memphis Redbirds batting - Pitching for Albuquerque Isotopes : RHP Jeff Swomley
|
Batting: RHB Pavpv Ivanushkin
|
0-0: Ball 1-0: Ground out 6-3 (Groundball, 6, EV 80.0 MPH)
|
Batting: RHB Terry Baginski
|
0-0: Ball 1-0: Ball 2-0: Fly out, F6 (Popup, 4MD, EV 63.1 MPH)
|
Batting: SHB Quido van Erp
|
0-0: Called Strike 0-1: Foul Ball, location: 2F 0-2: Ball 1-2: Ball 2-2: Ball 3-2: Foul Ball, location: 2F 3-2: Foul Ball, location: 2F 3-2: SOLO HOME RUN (Flyball, 9D, EV 107.5 MPH), Distance : 405 ft
|
Pitching: LHP Dario Rios
|
|
Batting: RHB Travis Leonard
|
0-0: Ball 1-0: SINGLE (Groundball, 6MD, EV 103.8 MPH)
|
Batting: LHB Shigeru Ono
|
0-0: Ball 1-0: Foul Ball, location: 2F 1-1: Foul Ball, location: 2F 1-2: Ball Travis Leonard steals 2nd base 2-2: Foul Ball, location: 2F 2-2: Foul Ball, location: 2F 2-2: SINGLE (Line Drive, 8LS, EV 86.9 MPH) Travis Leonard to third Runner from 3rd tries for Home, SAFE, throw by CF to home
|
Batting: RHB Dan Boykins
|
0-0: Ball 1-0: Ball 2-0: Ball 3-0: Called Strike 3-1: Base on Balls Shigeru Ono to second
|
Batting: RHB Mark Cahill
|
0-0: Foul Ball, location: 2F 0-1: Called Strike 0-2: Strikes out swinging
|
Top of the 5th over - 2 runs, 3 hits, 0 errors, 2 left on base; Memphis 6 - Albuquerque 1 |
BOTTOM OF THE 5TH |
Albuquerque Isotopes batting - Pitching for Memphis Redbirds : LHP John Fisher
|
Batting: RHB Nate Carrell
|
0-0: Called Strike 0-1: Ball 1-1: Ball 2-1: Fly out, F9 (Flyball, 9, EV 80.0 MPH)
|
Batting: LHB Enrique Andrade
|
0-0: Ball 1-0: Called Strike 1-1: Swinging Strike 1-2: Strikes out swinging
|
Batting: RHB Ron Johansen
|
0-0: Ball 1-0: Ball 2-0: Ball 3-0: Base on Balls
|
Batting: RHB Mike Ball
|
0-0: Ball 1-0: Ball Ron Johansen is caught stealing 2nd base 2-4
|
Bottom of the 5th over - 0 runs, 0 hits, 0 errors, 0 left on base; Memphis 6 - Albuquerque 1 |
TOP OF THE 6TH |
Memphis Redbirds batting - Pitching for Albuquerque Isotopes : LHP Dario Rios
|
Batting: RHB Nick Gentzel
|
0-0: Ball 1-0: Called Strike 1-1: Fly out, F6 (Popup, 6MS, EV 68.1 MPH)
|
Batting: RHB Klaas Meij
|
0-0: Ground out 6-3 (Groundball, 6, EV 80.6 MPH)
|
Batting: RHB Pavpv Ivanushkin
|
0-0: Foul Ball, location: 2F 0-1: Ball 1-1: Ball 2-1: Swinging Strike 2-2: SINGLE (Groundball, 6MD, EV 97.5 MPH)
|
Batting: RHB Terry Baginski
|
0-0: Called Strike 0-1: Ball 1-1: Called Strike 1-2: Ball 2-2: Foul Ball, location: 2F 2-2: Foul Ball, location: 2F 2-2: Ground out U3 (Groundball, 34S, EV 70.6 MPH)
|
Top of the 6th over - 0 runs, 1 hit, 0 errors, 1 left on base; Memphis 6 - Albuquerque 1 |
BOTTOM OF THE 6TH |
Albuquerque Isotopes batting - Pitching for Memphis Redbirds : LHP John Fisher
|
Batting: RHB Mike Ball
|
0-0: Foul Ball, location: 2F 0-1: Called Strike 0-2: Ball 1-2: Foul Ball, location: 2F 1-2: Fly out, F7 (Flyball, 7LD, EV 79.4 MPH)
|
Batting: RHB Eddie McCoy
|
0-0: Ball 1-0: Foul Ball, location: 2F 1-1: Foul Ball, location: 2F 1-2: Foul Ball, location: 2F 1-2: Ball 2-2: Foul Ball, location: 2F 2-2: Strikes out swinging
|
Batting: RHB Ryan Taylor
|
0-0: SINGLE (Groundball, 6MD, EV 102.5 MPH)
|
Batting: RHB Bobby Heagle
|
0-0: Called Strike 0-1: Called Strike 0-2: Ball Ryan Taylor steals 2nd base 1-2: Ball 2-2: Ball 3-2: Fly out, F9 (Line Drive, 9S, EV 85.6 MPH)
|
Bottom of the 6th over - 0 runs, 1 hit, 0 errors, 1 left on base; Memphis 6 - Albuquerque 1 |
TOP OF THE 7TH |
Memphis Redbirds batting - Pitching for Albuquerque Isotopes : LHP Dario Rios
|
Batting: SHB Quido van Erp
|
0-0: Swinging Strike 0-1: Ball 1-1: Called Strike 1-2: Ball 2-2: Ball 3-2: Foul Ball, location: 2F 3-2: Base on Balls
|
Pitching: RHP Jason Hamlyn
|
|
Batting: RHB Travis Leonard
|
0-0: Ball 1-0: Ball Wild Pitch! Quido van Erp to second 2-0: SINGLE (Groundball, 34D, EV 100.0 MPH) Quido van Erp to third Runner from 3rd tries for Home, SAFE, throw by RF to home
|
Batting: LHB Shigeru Ono
|
0-0: Ball 1-0: Swinging Strike 1-1: Ball 2-1: Fly out, F9 (Flyball, 9S, EV 92.5 MPH)
|
Batting: RHB Dan Boykins
|
0-0: Ground out 6-3 (Groundball, 6, EV 92.5 MPH) Travis Leonard to second
|
Batting: RHB Mark Cahill
|
0-0: Ball 1-0: Ball 2-0: Ball 3-0: Foul Ball, location: 2F 3-1: Foul Ball, location: 2F 3-2: Strikes out looking
|
Top of the 7th over - 1 run, 1 hit, 0 errors, 1 left on base; Memphis 7 - Albuquerque 1 |
BOTTOM OF THE 7TH |
Albuquerque Isotopes batting - Pitching for Memphis Redbirds : LHP John Fisher
|
Batting: RHB Josh Baker
|
0-0: Ball 1-0: Called Strike 1-1: Ball 2-1: Called Strike 2-2: Foul Ball, location: 2F 2-2: Strikes out looking
|
Pitching: RHP Brian Sanderson
|
|
Batting: LHB Alan Bianchard
|
0-0: Fly out, F5 (Popup, 5F, EV 65.0 MPH)
|
Batting: RHB Nate Carrell
|
0-0: Ball 1-0: Ball 2-0: Called Strike 2-1: Ball 3-1: Fly out, F7 (Flyball, 78XD, EV 88.8 MPH)
|
Bottom of the 7th over - 0 runs, 0 hits, 0 errors, 0 left on base; Memphis 7 - Albuquerque 1 |
TOP OF THE 8TH |
Memphis Redbirds batting - Pitching for Albuquerque Isotopes : RHP Jason Hamlyn
|
Batting: RHB Nick Gentzel
|
0-0: Ground out 6-3 (Groundball, 6, EV 86.2 MPH)
|
Batting: RHB Klaas Meij
|
0-0: Ball 1-0: Ball 2-0: Ball 3-0: Called Strike 3-1: Called Strike 3-2: Strikes out swinging
|
Batting: RHB Pavpv Ivanushkin
|
0-0: Called Strike 0-1: Ball 1-1: Ball 2-1: Fly out, F4 (Line Drive, 4, EV 73.1 MPH)
|
Top of the 8th over - 0 runs, 0 hits, 0 errors, 0 left on base; Memphis 7 - Albuquerque 1 |
BOTTOM OF THE 8TH |
Albuquerque Isotopes batting - Pitching for Memphis Redbirds : RHP Brian Sanderson
|
Batting: LHB Enrique Andrade
|
0-0: Foul Ball, location: 2F 0-1: Ball 1-1: Ball 2-1: Ball 3-1: Base on Balls
|
Batting: RHB Ron Johansen
|
0-0: Swinging Strike 0-1: Ball 1-1: Ball 2-1: Ball 3-1: SINGLE (Groundball, 4MD, EV 94.4 MPH) Enrique Andrade to second
|
Pinch Hitting: LHB Tetsuya Oba
|
0-0: Ball 1-0: Foul Ball, location: 2F 1-1: Fielders Choice at 2nd, 4-6 (Groundball, 4, EV 87.5 MPH) Enrique Andrade to third
|
Batting: RHB Eddie McCoy
|
0-0: Swinging Strike 0-1: SINGLE (Groundball, 6MD, EV 96.9 MPH) Enrique Andrade scores Tetsuya Oba to second
|
Batting: RHB Ryan Taylor
|
0-0: Called Strike 0-1: Called Strike 0-2: Foul Ball, location: 2F 0-2: Foul Ball, location: 2F 0-2: Strikes out looking
|
Batting: RHB Bobby Heagle
|
0-0: Fly out, F8 (Line Drive, 8LD, EV 93.1 MPH)
|
Bottom of the 8th over - 1 run, 2 hits, 0 errors, 2 left on base; Memphis 7 - Albuquerque 2 |
TOP OF THE 9TH |
Memphis Redbirds batting - Pitching for Albuquerque Isotopes : RHP Jason Hamlyn
|
Now at 3B: Tetsuya Oba
|
|
Batting: RHB Terry Baginski
|
0-0: Called Strike 0-1: Swinging Strike 0-2: Strikes out swinging
|
Batting: SHB Quido van Erp
|
0-0: Ball 1-0: Foul Ball, location: 2F 1-1: Foul Ball, location: 2F 1-2: Ball 2-2: Fly out, F8 (Flyball, 89XD, EV 80.0 MPH)
|
Pitching: LHP Baltwin van Vliet
|
|
Batting: RHB Travis Leonard
|
0-0: Called Strike 0-1: Ball 1-1: Called Strike 1-2: Ground out U3 (Groundball, 23, EV 81.9 MPH)
|
Top of the 9th over - 0 runs, 0 hits, 0 errors, 0 left on base; Memphis 7 - Albuquerque 2 |
BOTTOM OF THE 9TH |
Albuquerque Isotopes batting - Pitching for Memphis Redbirds : RHP Brian Sanderson
|
Batting: RHB Josh Baker
|
0-0: Ball 1-0: Foul Ball, location: 2F 1-1: Foul Ball, location: 2F 1-2: Ball 2-2: Strikes out swinging
|
Batting: LHB Alan Bianchard
|
0-0: Ball 1-0: Ball 2-0: Called Strike 2-1: Swinging Strike 2-2: Ball 3-2: Ground out 4-3 (Groundball, 4, EV 103.8 MPH)
|
Batting: RHB Nate Carrell
|
0-0: Ball 1-0: SINGLE (Groundball, 6MD, EV 94.4 MPH)
|
Batting: LHB Enrique Andrade
|
0-0: Called Strike 0-1: Ball 1-1: Foul Ball, location: 2F 1-2: Ball 2-2: Foul Ball, location: 2F 2-2: Ball 3-2: Foul Ball, location: 2F 3-2: Base on Balls Nate Carrell to second
|
Pitching: RHP Jim Vickers
|
|
Batting: RHB Ron Johansen
|
0-0: Called Strike 0-1: Ground out 4-3 (Groundball, 4, EV 76.2 MPH)
|
Bottom of the 9th over - 0 runs, 1 hit, 0 errors, 2 left on base; Memphis 7 - Albuquerque 2 |
|